AoeStats
← player0

Lombardia

509834010Analyzed
2v2 RM · 5d ago on Sep 28, 2026· 16m 42s· 4 players
Game mode
Random Map
Map size
Medium (4 player)
Population
200
Speed
Normal
Resources
Standard
Victory
Conquest
Starting age
Dark Age
Ending age
Imperial Age
RankedLock teamsTeams togetherTeam positionsShared explorationLock speedFull tech treeHidden civsTurbo modeCheats
Victory
Defeat
🇧🇪 Armenians · Belgium
1059
+16
1035
+17
🇬🇧 Varangians · United Kingdom
1073
-17
🇳🇱 Magyars · Netherlands
1044
-16
brandbaria
9:00 Loom
11:01 Feudal Age
14:37 Scale Barding Armor
Bside
6:59 Loom
12:26 Feudal Age
13:53 Horse Collar
15:52 Town Watch
player0
2:52 Loom
10:11 Feudal Age
10:25 Man-at-Arms
11:47 Scale Mail Armor
11:31 Long Swordsman
lenkamie plays on touchpad
12:40 Feudal Age
13:44 Double-Bit Axe
16:42 Castle Age
15:15 Horse Collar
17:42 Wheelbarrow
16:53 Loom
Connection lost

Rejoining the realm…

Still unreachable

The connection could not be restored.

Session expired

The server has moved on; the page needs a fresh start.